 Dungeon Crawl Stone Soup version 0.25-a0-696-g42a9e46d90 (webtiles) character file.

Game seed: 16423601022938970731, levelgen mode: deterministic

3246 M4edhros the Covert (level 9, 0/61 HPs)
             Began as an Octopode Artificer on Mar 31, 2020.
             Was a Priest of Cheibriados.
             Slain by a spriggan baker
             ... wielding a +0 dagger
              (13 damage)
             ... on level 12 of the Dungeon.
             The game lasted 00:29:49 (4651 turns).

M4edhros the Covert (Octopode Artificer)            Turns: 4651, Time: 00:29:50

Health: 0/61       AC:  1    Str: 19    XL:     9   Next: 99%
Magic:  14/14      EV: 18    Int: 20    God:    Cheibriados [***...]
Gold:   398        SH:  0    Dex: 22    Spells: 7/8 levels left

rFire    . . .     SeeInvis .   a - +0 short sword
rCold    . . .     Gourm    .   (no shield)
rNeg     . . .     Faith    .   (helmet restricted)
rPois    .         Spirit   .   o - amulet of magic regeneration
rElec    .         Reflect  .   i - ring of flight
rCorr    .         Harm     .   t - ring of stealth
MR       +....                  x - ring of protection from magic
Stlth    ++++++....             (no ring)
HPRegen  0.20/turn              (no ring)
MPRegen  0.39/turn              (no ring)
                                (no ring)
                                (no ring)

@: very slow
A: almost no armour, stealthy swim, amphibious, 8 rings, constrict 8, camouflage
1, gelatinous body 1
a: Bend Time, Temporal Distortion, Renounce Religion, Evoke Flight


You were on level 12 of the Dungeon.
You worshipped Cheibriados.
Cheibriados was most pleased with you.
You were hungry.

You visited 2 branches of the dungeon, and saw 12 of its levels.

You collected 398 gold pieces.

Inventory:

Hand Weapons
 a - a +0 short sword (weapon)
 r - a +0 shortbow
 w - a +0 hunting sling
Missiles
 q - 53 sling bullets
 s - 77 stones (quivered)
 u - 2 throwing nets
 v - 110 arrows
 y - 12 poisoned darts
Jewellery
 i - a ring of flight (left tentacle)
 o - an amulet of magic regeneration (around mantle)
 t - a ring of stealth (right tentacle)
 x - a ring of protection from magic (on tentacle)
Wands
 b - a wand of flame (15)
 c - a wand of enslavement (6)
 d - a wand of random effects (14)
 z - a wand of polymorph (10)
Scrolls
 e - 2 scrolls of blinking {unknown}
 g - 5 scrolls of identify {unknown}
 h - 4 scrolls of remove curse {unknown}
 k - 5 scrolls of teleportation {unknown}
 m - 2 scrolls of random uselessness {unknown}
 n - 2 scrolls of magic mapping {unknown}
 p - a scroll of amnesia {unknown}
Potions
 j - 2 potions of curing
 l - a potion of stabbing {unknown}
Comestibles
 f - 14 rations


   Skills:
 + Level 5.1 Fighting
 - Level 1.0 Short Blades
 + Level 5.5 Dodging
 + Level 8.7 Stealth
 * Level 7.4 Unarmed Combat
 + Level 0.9 Necromancy
 * Level 1.6 Invocations
 + Level 7.3 Evocations


You had 7 spell levels left.
You knew the following spells:

 Your Spells              Type           Power        Failure   Level  Hunger
a - Animate Skeleton      Necr           N/A          13%         1    ##.....

Your spell library contained the following spells:

 Spells                   Type           Power        Failure   Level  Hunger
 Pain                     Necr           #...         13%         1    ##.....
 Vampiric Draining        Necr           #.........   36%         3    ####...
 Animate Dead             Necr           N/A          78%         4    #####..
 Agony                    Necr           #.......     98%         5    ######.


Dungeon Overview and Level Annotations

Branches:
Dungeon (12/15)            Temple (1/1) D:4
   Lair: D:8-11         Orc: D:9-12

Altars:
Ashenzari
Cheibriados
Dithmenos
Gozag
Hepliaklqana
Makhleb
Nemelex Xobeh
Okawaru
Sif Muna
Trog
Xom

Annotations:
D:4 exclusion: centaur
D:5 Edmund
D:11 Nergalle


Innate Abilities, Weirdness & Mutations

You cannot wear most types of armour.
You are very stealthy in the water. (Stealth+)
You are amphibious.
You can wear up to eight rings at the same time.
You can use your tentacles to constrict eight enemies at once.
Your skin changes colour to match your surroundings (Stealth+).
Your rubbery body absorbs attacks. (AC +1, EV +1)


Message History

Evoke which item? (* to show all) (? for menu, Esc to quit)
Aiming: Throw Flame
Press: ? - help, Shift-Dir - straight line, f/p - ice beast
Aim: an ice beast (almost dead)
The puff of flame hits the ice beast.
The ice beast melts!
You kill the ice beast!
Cheibriados appreciates the change of pace.
You open the door.
A spriggan baker comes into view. It is wielding a +0 dagger.
The spriggan baker shouts!
The spriggan baker hits you with a +0 dagger!
* * * LOW HITPOINT WARNING * * *
Found 4 rations.
Evoke which item? (* to show all) (? for menu, Esc to quit)
Aiming: Enslavement
Press: ? - help, Shift-Dir - straight line, f - spriggan baker
Aim: a spriggan baker, wielding a +0 dagger and wearing a +0 robe (chance to defeat MR: 32%)
The spriggan baker easily resists.
The spriggan baker hits you with a +0 dagger!
You die...

...............#
#######........#####
#............#
#....######..#
#....# %%#..# #....#
##.#..# #....#
..#..#
#....####i#..#
..........@...#
..............###
..............#
####..........#
#..........#
.........#
.........#
########.# .#


You could see a spriggan baker.

Vanquished Creatures
  A two-headed ogre (D:8)
  Pikel (D:5)
  Maggie (D:6)
  A troll (D:9)
  A hippogriff (D:7)
  A slave (D:5)
  A phantom (D:4)
  An ice beast (D:12)
  3 centaurs
  3 bullfrogs (D:7)
  3 howler monkeys
  5 crimson imps
  A quasit (D:6)
  A centaur zombie (D:6)
  3 hounds
  An orc priest (D:6)
  2 bullfrog skeletons
  A gnoll shaman (D:5)
  4 iguanas
  2 orc wizards
  3 worker ants
  4 gnolls (D:5)
  6 adders
  A shadow imp (D:9)
  An ooze (D:1)
  4 worms
  15 orcs
  3 giant cockroaches
  4 goblins
  4 hobgoblins
  10 jackals
  5 quokkas
  2 bats (D:1)
  2 frilled lizards
  10 kobolds
  A leopard gecko skeleton (D:4)
  An orc zombie (D:11)
  A quokka skeleton (D:6)
  A quokka zombie (D:6)
  13 rats
128 creatures vanquished.

Vanquished Creatures (collateral kills)
  A phantom (D:5)
  A worker ant zombie (D:5)
  A quokka (D:4)
3 creatures vanquished.

Vanquished Creatures (others)
  A centaur (D:5)
  A bullfrog zombie (D:5)
  A worker ant (D:4)
  A jackal (D:1)
4 creatures vanquished.

Grand Total: 135 creatures vanquished

Notes
Turn   | Place    | Note
-------+----------+-------------------------------------------
     0 | D:1      | M4edhros the Octopode Artificer began the quest for the
                  | Orb.
     0 | D:1      | Reached XP level 1. HP: 13/13 MP: 3/3
   299 | D:1      | Reached skill level 2 in Stealth
   542 | D:1      | Reached XP level 2. HP: 18/18 MP: 4/4
   984 | D:1      | Reached skill level 3 in Stealth
  1380 | D:1      | Reached XP level 3. HP: 23/23 MP: 5/5
  1687 | D:3      | Reached XP level 4. HP: 28/28 MP: 7/7
  1707 | D:3      | Reached skill level 4 in Stealth
  1768 | D:4      | Found a staircase to the Ecumenical Temple,
  1777 | Temple   | Entered the Ecumenical Temple
  1824 | Temple   | Became a worshipper of Cheibriados the Contemplative
  2126 | D:4      | Found a shadowy altar of Dithmenos,
  2159 | D:4      | Found a shattered altar of Ashenzari,
  2246 | D:4      | Reached skill level 1 in Unarmed Combat
  2246 | D:4      | Reached XP level 5. HP: 28/33 MP: 8/8
  2350 | D:4      | Reached * piety under Cheibriados
  2376 | D:4      | Reached skill level 5 in Stealth
  2376 | D:4      | Reached XP level 6. HP: 39/39 MP: 9/9
  2468 | D:4      | Noticed a phantom
  2481 | D:4      | Killed a phantom
  2481 | D:4      | Reached skill level 5 in Evocations
  2578 | D:5      | Entered Level 5 of the Dungeon
  2621 | D:5      | Reached XP level 7. HP: 28/45 MP: 10/10
  2689 | D:5      | Found an iron altar of Okawaru,
  2811 | D:5      | Noticed Edmund
  2978 | D:5      | Found a burning altar of Makhleb,
  3042 | D:5      | Reached skill level 6 in Stealth
  3093 | D:5      | Found a shimmering altar of Xom,
  3094 | D:5      | Found a hazy altar of Hepliaklqana,
  3094 | D:5      | Noticed a tentacled monstrosity
  3100 | D:5      | Noticed a tentacled monstrosity
  3100 | D:5      | Noticed a spectral ugly thing
  3114 | D:5      | Reached ** piety under Cheibriados
  3262 | D:6      | Noticed Maggie
  3274 | D:6      | Killed Maggie
  3274 | D:6      | Reached XP level 8. HP: 25/52 MP: 12/12
  3390 | D:6      | Reached skill level 5 in Unarmed Combat
  3495 | D:6      | Noticed a moth of wrath
  3497 | D:6      | Found a bloodstained altar of Trog,
  3629 | D:6      | Reached skill level 7 in Stealth
  3898 | D:5      | Noticed Pikel
  3909 | D:5      | Killed Pikel
  3909 | D:5      | Reached XP level 9. HP: 36/58 MP: 13/13
  4025 | D:6      | Found a shimmering blue altar of Sif Muna,
  4088 | D:7      | Reached *** piety under Cheibriados
  4152 | D:7      | Reached skill level 8 in Stealth
  4413 | D:8      | Noticed a two-headed ogre
  4442 | D:8      | Killed a two-headed ogre
  4442 | D:8      | Reached skill level 5 in Dodging
  4449 | D:8      | Learned a level 1 spell: Animate Skeleton
  4478 | D:8      | Reached skill level 5 in Fighting
  4520 | D:9      | Noticed a troll
  4527 | D:9      | Killed a troll
  4527 | D:9      | Reached skill level 1 in Invocations
  4537 | D:9      | You fall into a shaft and drop 3 floors!
  4551 | D:12     | Noticed a troll
  4560 | D:11     | Noticed Nergalle
  4568 | D:11     | Noticed a troll
  4651 | D:12     | Slain by a spriggan baker

Levels and vault maps discovered:
D:1:      minmay_arrival_nine_rooms, layout_basic
D:2:      layout_loops_ring, first_ration
D:3:      layout_basic
D:4:      layout_basic, overflow_temple_1_default, nicolae_ashenzari_panopticon,
          minmay_temple_entry_hall
D:5:      layout_loops_ring, regret_index_temple_of_mockery,
          lightli_temple_of_fire, okawaru_metal_pillars_3, lemuel_crystal_altar,
          uniq_crazy_yiuf_cottage, uniq_pikel, uniq_edmund
D:6:      layout_loops_corners, tgw_trog, kennysheep_mini_moat, uniq_maggie
D:7:      layout_loops_cross
D:8:      layout_loops_corners, yredelemnul_altar_generic, lair_entry_dummy
D:9:      old_forge, layout_cave_pools, nicolae_overflow_hidden_temple,
          lemuel_mausoleum_altar_kikubaaqudgha, uniq_harold
D:11:     layout_rooms, zombieorc2_lemuel, portal_ice_cave_entry_imps,
          uniq_nergalle
D:12:     layout_irregular_city, the_bakery
Temple:   dpeg_chambers_temple

Skill      XL: |  1  2  3  4  5  6  7  8  9 |
---------------+----------------------------+-----
Stealth        | 2 3 4 5 6 7 8 |  8.7
Evocations     | 4 5 6 7 |  7.3
Unarmed Combat | 1 2 3 4 6 7 |  7.4
Fighting       | 2 3 4 5 |  5.1
Dodging        | 3 4 5 |  5.5
Invocations    | 1 |  1.6
Short Blades   | |  1.0
Necromancy     | |  0.9

Action                   |  1- 3 |  4- 6 |  7- 9 || total
-------------------------+-------+-------+-------++-------
Melee: Short sword       |    88 |    80 |   129 ||   297
       Constrict         |    20 |    23 |    26 ||    69
       Tentacles         |    12 |    25 |    46 ||    83
       Punch             |       |     3 |     7 ||    10
 Fire: Hunting sling     |       |       |     9 ||     9
Evoke: Wand              |     3 |    15 |    37 ||    55
  Use: Potion            |       |     4 |       ||     4
 Stab: Distracted        |     2 |       |       ||     2
       Sleeping          |     4 |     6 |    18 ||    28
       Paralysed         |     1 |       |       ||     1
  Eat: Chunk             |     2 |     3 |     3 ||     8
Armor: Skin              |     5 |       |     3 ||     8
Dodge: Dodged            |    53 |    50 |    77 ||   180

Table legend:
 A = Non-vault XP
 B = Vault XP
 C = Vault XP percentage of total XP
 D = Non-vault monster count
 E = Vault monster count
 F = Vault count percentage of total count
                 A         B        C        D         E       F
            +---------+---------+-------+---------+---------+-------
      Total |    3650 |     988 |  21.3 |     123 |       8 |   6.1
            +---------+---------+-------+---------+---------+-------
        D:1 |      44 |       0 |   0.0 |      25 |       0 |   0.0
        D:2 |      41 |       0 |   0.0 |      13 |       0 |   0.0
        D:3 |      52 |       0 |   0.0 |      14 |       0 |   0.0
        D:4 |     459 |       0 |   0.0 |      19 |       0 |   0.0
        D:5 |     607 |     572 |  48.5 |      18 |       1 |   5.3
        D:6 |     375 |     415 |  52.5 |      20 |       6 |  23.1
        D:7 |     686 |       0 |   0.0 |       8 |       0 |   0.0
        D:8 |     944 |       0 |   0.0 |       3 |       0 |   0.0
        D:9 |     318 |       0 |   0.0 |       2 |       0 |   0.0
       D:11 |       0 |       1 | 100.0 |       0 |       1 | 100.0
       D:12 |     124 |       0 |   0.0 |       1 |       0 |   0.0
            +---------+---------+-------+---------+---------+-------
